 Dungeon Crawl Stone Soup version 0.21.1-1-g345015f (webtiles) character file.

148 RudyRod the Firebug (level 5, 0/36 HPs)
             Began as a Demonspawn Fire Elementalist on May 18, 2018.
             Slain by DasRunzen's ghost (3 damage)
             ... on level 3 of the Dungeon.
             The game lasted 00:10:42 (2872 turns).

RudyRod the Firebug (Demonspawn Fire Elementalist)  Turns: 2872, Time: 00:10:43

Health: 0/36       AC:  3    Str:  8    XL:     5   Next: 8%
Magic:  1/9        EV: 12    Int: 17    God:
Gold:   165        SH:  0    Dex: 14    Spells: 9/10 levels left

rFire    . . .     SeeInvis .   f - +0 hand axe (chop)
rCold    . . .     Gourm    .   (no shield)
rNeg     . . .     Faith    .   a - +0 robe
rPois    .         Spirit   .   (helmet restricted)
rElec    .         Reflect  .   (no cloak)
rCorr    .         Harm     .   (no gloves)
MR       .....                  (no boots)
Stlth    ++........             (no amulet)
HPRegen  0.12/turn              (no ring)
MPRegen  0.11/turn              (no ring)

@: very slightly contaminated
A: horns 1, rugged brown scales 1, demonic guardian 1
a: no special abilities


You were on level 3 of the Dungeon.
You were not hungry.

You visited 1 branch of the dungeon, and saw 3 of its levels.

You collected 165 gold pieces.

Inventory:

Hand Weapons
 f - a +0 hand axe of chopping (weapon)
Armour
 a - a +0 robe (worn)
 l - a +0 helmet of intelligence
Wands
 k - a wand of iceblast (7)
Scrolls
 d - 8 scrolls of identify {unknown}
 h - a scroll of enchant armour {unknown}
 i - a scroll of immolation {unknown}
 m - a scroll of blinking {unknown}
 n - a scroll of random uselessness {unknown}
 p - a scroll of teleportation {unknown}
 s - a scroll of magic mapping {unknown}
Potions
 e - a potion of flight {unknown}
 g - 2 potions of curing {unknown}
 j - a potion of cancellation {unknown}
 q - a potion of lignification {unknown}
 r - a potion of heal wounds {unknown}
Books
 b - a book of Flames

   Spells                             Type                      Level
   a - Flame Tongue                   Conjuration/Fire             1
   b - Throw Flame                    Conjuration/Fire             2
   c - Conjure Flame                  Conjuration/Fire             3
   d - Inner Flame                    Hexes/Fire                   3
   e - Sticky Flame                   Conjuration/Fire             4
   f - Fireball                       Conjuration/Fire             5
Comestibles
 c - 2 rations
 o - 5 chunks of flesh


   Skills:
 + Level 0.1 Fighting
 + Level 0.4 Axes
 + Level 2.2 Dodging
 + Level 1.9 Stealth
 + Level 3.2 Spellcasting
 + Level 2.4 Conjurations
 + Level 3.5 Fire Magic


You had 9 spell levels left.
You knew the following spells:

 Your Spells              Type           Power        Failure   Level  Hunger
a - Flame Tongue          Conj/Fire      ##...        4%          1    None


Dungeon Overview and Level Annotations

Branches:
Dungeon (3/15)

Altars:
Dithmenos
Kikubaaqudgha
The Shining One

Annotations:
D:3 DasRunzen's ghost, amateur DsFi


Innate Abilities, Weirdness & Mutations

You have a pair of small horns on your head.
You are partially covered in rugged brown scales. (AC +1, +3% HP)
A weak demonic guardian rushes to your aid.


Message History

Aiming: Flame Tongue
Press: ? - help, Shift-Dir - straight line, f/p - DasRunzen's ghost
Aim: DasRunzen's ghost (heavily damaged)
The flame tongue hits DasRunzen's ghost.
DasRunzen's ghost appears unharmed.
DasRunzen's ghost is heavily damaged.
DasRunzen's ghost closely misses you.
You swap places.
DasRunzen's ghost closely misses your shadow imp.
Your shadow imp barely misses DasRunzen's ghost.
There is a stone staircase leading up here.
You swap places.
DasRunzen's ghost barely misses you.
You hit DasRunzen's ghost.
DasRunzen's ghost is heavily damaged.
DasRunzen's ghost hits you! x2
* * * LOW HITPOINT WARNING * * *
You hit DasRunzen's ghost but do no damage.
DasRunzen's ghost is heavily damaged.
DasRunzen's ghost hits you.
You die...

... #W.#
.####.####%.#
.........$..#
.........##.#
#..........#
#.......#######.#
#...............#
##....W.###.#####
#.#.#@## #.#
#.#.#5# #.# # #.#5#
#.# #...# #.# ##..#
#.# #########
#..####.###....<...
#)................#
#
#.#####.###.#.###.#
#.##.#####.###.#.#
.#


You could see DasRunzen's ghost, a friendly iron imp and a friendly shadow imp.

Vanquished Creatures
  Terence (D:2)
  2 adders (D:3)
  An ooze (D:2)
  A worm (D:2)
  3 leopard geckos
  2 orcs
  7 bats
  3 giant cockroaches
  7 goblins
  13 hobgoblins
  12 jackals
  2 frilled lizards
  8 kobolds
  8 rats
70 creatures vanquished.

Vanquished Creatures (collateral kills)
  An orc wizard (D:3)
  2 orcs (D:3)
3 creatures vanquished.

Grand Total: 73 creatures vanquished

Notes
Turn   | Place    | Note
-------+----------+-------------------------------------------
     0 | D:1      | RudyRod the Demonspawn Fire Elementalist began the quest for the Orb.
     0 | D:1      | Reached XP level 1. HP: 13/13 MP: 3/3
   482 | D:1      | Gained mutation: You are partially covered in rugged brown scales. (AC +1, +3% HP) [demonic ancestry]
   482 | D:1      | Reached XP level 2. HP: 13/19 MP: 0/5
   987 | D:1      | Gained mutation: You have a pair of small horns on your head. [demonic ancestry]
   987 | D:1      | Reached XP level 3. HP: 24/24 MP: 0/6
  1361 | D:2      | Noticed Terence
  1416 | D:2      | Found a glowing golden altar of the Shining One.
  1417 | D:2      | Found a shadowy altar of Dithmenos.
  1871 | D:2      | Killed Terence
  1871 | D:2      | Gained mutation: A weak demonic guardian rushes to your aid. [demonic ancestry]
  1871 | D:2      | Reached XP level 4. HP: 13/30 MP: 0/8
  2426 | D:2      | Found an ancient bone altar of Kikubaaqudgha.
  2733 | D:3      | Reached XP level 5. HP: 30/36 MP: 2/9
  2775 | D:3      | Noticed DasRunzen's ghost (amateur DsFi)
  2872 | D:3      | Slain by DasRunzen's ghost

Skill      XL: |  1  2  3  4 |
---------------+-------------+-----
Fire Magic     | 3 |  3.5
Dodging        | 2 |  2.2
Spellcasting   | 3 |  3.2
Conjurations   | 2 |  2.4
Fighting       | |  0.1
Axes           | |  0.4
Stealth        | |  1.9

Action                   |  1- 3 |  4- 6 || total
-------------------------+-------+-------++-------
Melee: Unarmed           |     7 |       ||     7
       Hand axe          |       |    16 ||    16
 Cast: Flame Tongue      |   105 |    45 ||   150
  Eat: Chunk             |     4 |     3 ||     7
Armor: Robe              |    17 |     5 ||    22
Dodge: Dodged            |    42 |    19 ||    61
